 Dungeon Crawl Stone Soup version 0.27-a0-808-g60bc5d92e6 (webtiles) character file.

Game seed: 3323070412246604814

2597 rageheart7 the Fighter (level 9, -1/97 HPs)
             Began as an Ogre Fire Elementalist on Mar 28, 2021.
             Was a Follower of Vehumet.
             Succumbed to a gnoll sergeant's poison
             ... on level 6 of the Dungeon.
             The game lasted 00:15:39 (7522 turns).

rageheart7 the Fighter (Ogre Fire Elementalist)     Turns: 7522, Time: 00:15:40

Health: -1/97      AC:  4    Str: 11 (14) XL:     9   Next: 59%
Magic:  2/21       EV:  9    Int: 25 (27) God:    Vehumet [*.....]
Gold:   171        SH:  0    Dex:  6      Spells: 8/24 levels left

rFire    + + +     SeeInvis .   g - +0 demon whip (vamp)
rCold    x . .     Faith    .   (no shield)
rNeg     + + +     Spirit   .   a - +1 robe
rPois    .         Reflect  .   (helmet restricted)
rElec    .         Harm     .   (no cloak)
rCorr    .         Rampage  .   (gloves unavailable)
Will     +....                  (boots unavailable)
Stlth    +.........             m - amulet "Nyafrit" {*Corrode rF++ rN+ Will+ Regen+}
HPRegen  1.26/turn              f - ring of positive energy
MPRegen  0.17/turn              o - ring "Ywker" {Fire rN++ Int+8 Dex-3}

@: lethally poisoned (-1 -> -18)
A: large, unfitting armour, tough skin 1
a: Renounce Religion


You were on level 6 of the Dungeon.
You worshipped Vehumet.
Vehumet was aware of your devotion.
You visited 2 branches of the dungeon, and saw 7 of its levels.

You collected 273 gold pieces.
You spent 102 gold pieces at shops.

Inventory:

Hand Weapons
 g - a +0 vampiric demon whip (weapon)
 i - a +6 giant spiked club
Armour
 a - a +1 robe (worn)
 n - the +0 tower shield "Vienkigh" {rF++ Will+}
   (You acquired it on level 4 of the Dungeon)

   It greatly protects you from fire.
   It affects your willpower, your defense against some magical effects.
 u - the +1 robe of the Shrike {rC+ MP+9 Int-5}
   (You found it on level 5 of the Dungeon)

   It affects your intelligence (-5).
   It protects you from cold.
   It affects your magic capacity (+9).
Jewellery
 f - a ring of positive energy (left hand)
 m - the amulet "Nyafrit" (around neck) {*Corrode rF++ rN+ Will+ Regen+}
   (You acquired it on level 4 of the Dungeon)

   [amulet of regeneration]

   It greatly protects you from fire.
   It protects you from negative energy.
   It affects your willpower, your defense against some magical effects.
   It increases your rate of regeneration.
   It may corrode you when you take damage.
 o - the ring "Ywker" (right hand) {Fire rN++ Int+8 Dex-3}
   (You acquired it on level 4 of the Dungeon)

   [ring of fire]

   It enhances your fire magic.
   It affects your intelligence (+8).
   It affects your dexterity (-3).
   It protects you from fire.
   It makes you vulnerable to cold.
   It greatly protects you from negative energy.
 q - a ring of ice
 t - an amulet of faith
Wands
 k - a wand of flame (12)
Scrolls
 e - a scroll of enchant armour
 j - a scroll of blinking
Potions
 s - a potion of attraction


   Skills:
 + Level 8.5 Fighting
 - Level 1.7 Dodging
 - Level 1.4 Stealth
 * Level 8.4 Spellcasting
 + Level 5.1 Conjurations
 + Level 5.8 Fire Magic


You had 8 spell levels left.
You knew the following spells:

 Your Spells              Type           Power      Damage    Failure   Level
a - Foxfire               Conj/Fire      100%       2x1d9     1%          1
b - Sticky Flame          Conj/Fire      54%        2d7       6%          4
c - Fireball              Conj/Fire      27%        3d12      17%         5
d - Iskenderun's Mystic   Conj/Tloc      23%        2d6       21%         4
e - Searing Ray           Conj           72%        3d6       1%          2

Your spell library contained the following spells:

 Spells                   Type           Power      Damage    Failure   Level
 Shock                    Conj/Air       92%        1d8       1%          1
 Magic Dart               Conj           100%       1d8       1%          1
 Conjure Flame            Conj/Fire      54%        6-21      1%          3
 Inner Flame              Hex/Fire       37%        N/A       5%          3
 Animate Skeleton         Necr           20%        N/A       6%          1
 Apportation              Tloc           20%        N/A       6%          1
 Corona                   Hex            11%        N/A       6%          1
 Summon Small Mammal      Summ           40%        N/A       6%          1
 Dazzling Flash           Conj/Hex       46%        N/A       6%          3
 Ensorcelled Hibernation  Hex/Ice        20%        N/A       9%          2
 Confusing Touch          Hex            10%        N/A       17%         3
 Lesser Beckoning         Tloc           5%         N/A       17%         3
 Tukima's Dance           Hex            10%        N/A       17%         3
 Fulminant Prism          Conj/Hex       11%        3d9       21%         4
 Alistair's Intoxication  Tmut/Pois      6%         N/A       85%         5
 Invisibility             Hex            10%        N/A       100%        6


Dungeon Overview and Level Annotations

Branches:
Dungeon (6/15)             Temple (1/1) D:4

Altars:
Ashenzari
Cheibriados
Dithmenos
Elyvilon
Fedhas
Gozag
Hepliaklqana
Kikubaaqudgha
Makhleb
Nemelex Xobeh
Okawaru
Qazlal
Ru
Sif Muna
Trog
Uskayaw
Vehumet
Wu Jian
Xom
Yredelemnul
Zin
The Shining One

Shops:
D:3 ([((   D:4 !   D:6 (


Innate Abilities, Weirdness & Mutations

You are too large for most types of armour.
You have tough skin. (AC +1)


Message History

The gnoll sergeant burns!
The gnoll sergeant hits you with a +5 trident of venom.
You hit the gnoll sergeant but do no damage.
The gnoll sergeant is lightly wounded.
The gnoll sergeant burns!
The gnoll sergeant hits you with a +5 trident of venom!
You barely miss the gnoll sergeant.
The gnoll sergeant is lightly wounded.
The gnoll sergeant burns!
The gnoll sergeant hits you with a +5 trident of venom!
You are poisoned.
You hit the gnoll sergeant.
You feel better.
The gnoll sergeant is moderately wounded.
You feel very sick.
The gnoll sergeant burns!
The gnoll sergeant hits you with a +5 trident of venom.
You are more poisoned.
You hit the gnoll sergeant but do no damage.
The gnoll sergeant is heavily wounded.
You feel very sick.
The gnoll sergeant burns!
The gnoll sergeant stops burning.
The gnoll sergeant hits you with a +5 trident of venom!
Casting: Sticky Flame (dangerous; 6% risk of failure)
Confirm with . or Enter, or press ? or * to list all spells.
You don't have enough magic to cast this spell.
You hit the gnoll sergeant but do no damage.
The gnoll sergeant is severely wounded.
You feel very sick.
The gnoll sergeant hits you with a +5 trident of venom!
* * * LOW HITPOINT WARNING * * *
You are lethally poisoned!
The gnoll sergeant hits you with a +5 trident of venom!
* * * LOW HITPOINT WARNING * * *
Blink to where?
Press: ? - help, Dir - move target, p - gnoll sergeant
As you read the scroll of blinking, it crumbles to dust.
* * * LOW HITPOINT WARNING * * *
You feel extremely sick.
Okay, then.
You die...

.# #......########)# #..#
.# #.###..######
#.######..# รท#
#...........###)..(.....#
.#
#.#.............#######.#
.### ####..###....###.####
#.# .#.#
#.##..#['....###....####.#
...#
#.##..#.#................#
##.#
#.##..#.#....######.######
#.# #.....###@...# #.# #.#
###..........# #.# #g#
#..........## #.# #.#
#...........# #.#
#.#######...........# #.#
#......g............#####[#
################......>...#
############


There were no monsters in sight!

Vanquished Creatures
  Sigmund (D:5)
  6 humans (D:6)
  3 steam dragons (D:6)
  A black bear (D:5)
  2 necrophages (D:4)
  2 ogres (D:5)
  2 centaurs (D:6)
  A phantom (D:4)
  A scorpion (D:4)
  A centaur zombie (D:5)
  A jelly (D:5)
  An orc priest (D:5)
  2 bullfrog skeletons
  A centaur skeleton (D:5)
  2 iguanas
  Natasha (twice) (D:3)
  2 orc wizards (D:4)
  A hound skeleton (D:4)
  A howler monkey skeleton (D:2)
  8 adders
  A shadow imp (D:6)
  3 ufetubi (D:6)
  An adder skeleton (D:4)
  2 dart slugs
  9 orcs
  3 bats
  5 endoplasms
  3 giant cockroaches
  4 hobgoblins
  2 jackals (D:4)
  8 kobolds
  2 quokkas (D:4)
  4 ball pythons
  A frilled lizard (D:2)
  3 goblins
  A rat (D:2)
93 creatures vanquished.

Vanquished Creatures (others)
  254 foxfires
254 creatures vanquished.

Grand Total: 347 creatures vanquished

Notes
Turn   | Place    | Note
-------+----------+-------------------------------------------
     0 | D:1      | rageheart7 the Ogre Fire Elementalist began the quest for
                  | the Orb.
     0 | D:1      | Reached XP level 1. HP: 16/16 MP: 3/3
     7 | D:1      | You fall into a shaft and drop 1 floor!
    28 | D:2      | Found a broken altar of Ashenzari.
    32 | D:2      | Reached skill level 1 in Conjurations
    47 | D:2      | Reached skill level 1 in Fighting
   113 | D:2      | Reached XP level 2. HP: 27/27 MP: 2/5
   509 | D:1      | Reached XP level 3. HP: 32/35 MP: 2/7
  1823 | D:3      | Noticed Natasha
  1833 | D:3      | Killed Natasha
  1834 | D:3      | Reached XP level 4. HP: 45/45 MP: 1/8
  1997 | D:3      | Found Pupem's Armour Shoppe.
  2053 | D:3      | Found Wosig's General Store.
  2100 | D:3      | Learned a level 4 spell: Sticky Flame
  2245 | D:3      | Found Koyca's Antique Weapon Boutique.
  2253 | D:3      | Bought a runed giant spiked club for 102 gold pieces
  2301 | D:3      | Found Qurebin's Antique Weapon Shop.
  2484 | D:3      | Noticed Natasha
  2487 | D:3      | Killed Natasha
  2544 | D:3      | Found Fiecheih's Weapon Emporium.
  2918 | D:4      | Reached XP level 5. HP: 26/53 MP: 1/9
  3218 | D:4      | Noticed a necrophage
  3237 | D:4      | HP: 2/49 [necrophage (7)]
  3240 | D:4      | Killed a necrophage
  3241 | D:4      | Reached XP level 6. HP: 4/63 MP: 5/11
  3496 | D:4      | Noticed a necrophage
  3503 | D:4      | Killed a necrophage
  3504 | D:4      | Reached skill level 5 in Fighting
  3567 | D:4      | Found Lackan's Distillery.
  4019 | D:4      | Reached XP level 7. HP: 29/74 MP: 8/13
  4642 | D:4      | Found a staircase to the Ecumenical Temple.
  5333 | Temple   | Entered the Ecumenical Temple
  5635 | Temple   | Became a worshipper of Vehumet
  5665 | D:5      | Entered Level 5 of the Dungeon
  5681 | D:4      | Identified 3 scrolls of acquirement
  5681 | D:4      | Acquired the amulet "Nyafrit" {*Corrode rF++ rN+ Will+
                  | Regen+}
  5683 | D:4      | Acquired the +0 tower shield "Vienkigh" {rF++ Will+}
  5685 | D:4      | Acquired the ring "Ywker" {Fire rN++ Int+8 Dex-3}
  5699 | D:4      | Learned a level 5 spell: Fireball
  5707 | D:5      | Noticed Sigmund
  5718 | D:5      | Killed Sigmund
  5724 | D:5      | Reached skill level 5 in Spellcasting
  5866 | D:5      | Reached XP level 8. HP: 51/84 MP: 12/16
  6362 | D:5      | Identified the +1 robe of the Shrike {rC+ MP+9 Int-5}
  6446 | D:6      | Reached skill level 5 in Fire Magic
  6494 | D:6      | Reached XP level 9. HP: 51/94 MP: 1/19
  6716 | D:6      | Found Lirchoq's Antique Weapon Boutique.
  6836 | D:6      | Learned a level 4 spell: Iskenderun's Mystic Blast
  6839 | D:6      | Learned a level 2 spell: Searing Ray
  7452 | D:6      | Reached * piety under Vehumet
  7452 | D:6      | Offered knowledge of Shock by Vehumet.
  7453 | D:6      | Reached skill level 5 in Conjurations
  7522 | D:6      | Succumbed to a gnoll sergeant's poison

Illustrated notes

Levels and vault maps discovered:
D:1:      dpeg_arrival_radiant, layout_basic
D:2:      layout_rooms, lemuel_round_altar
D:3:      layout_basic, serial_shops, shop, shop, shop, shop, shop, uniq_natasha
D:4:      minmay_spotlight, layout_layer_cave, minmay_temple_entry_poolview,
          serial_shops, nicolae_shop_waterfront, kennysheep_minor_cross
D:5:      layout_rooms, uniq_sigmund
D:6:      kennysheep_windowed_halls, layout_loops_ring, serial_shops,
          nicolae_shop_statue_plus, minmay_ruffians
Temple:   roderic_octagonal_lattice_temple

Skill      XL: |  1  2  3  4  5  6  7  8  9 |
---------------+----------------------------+-----
Conjurations   | 1 2 3 4 5 |  5.1
Fighting       | 1 2 3 4 5 6 7 8 |  8.5
Fire Magic     | 3 4 5 |  5.8
Spellcasting   | 3 4 5 7 8 |  8.4
Dodging        | |  1.7
Stealth        | |  1.4

Action                   |  1- 3 |  4- 6 |  7- 9 || total
-------------------------+-------+-------+-------++-------
Melee: Unarmed           |    12 |     6 |       ||    18
       Giant spiked club |       |    27 |       ||    27
       Demon whip        |       |    16 |   106 ||   122
 Cast: Foxfire           |    51 |    48 |    72 ||   171
       Sticky Flame      |       |       |    12 ||    12
       Searing Ray       |       |       |    11 ||    11
  Use: Scroll            |     4 |       |    10 ||    14
       Potion            |     2 |     1 |     9 ||    12
 Stab: Sleeping          |       |     1 |       ||     1
Armor: Robe              |     6 |    34 |    35 ||    75
       Skin              |     1 |     3 |       ||     4
Dodge: Dodged            |    18 |    34 |    67 ||   119

Table legend: (Time is in decaauts)
 A = Elapsed time spent in this place.
 B = Non-inter-level travel time spent in this place.
 C = Inter-level travel time spent in this place.
 D = Time resting spent in this place.
 E = Time spent auto-exploring this place.
 F = Levels seen in this place.
 G = Mean time per level.
                   A        B        C        D        E       F      G
               +--------+--------+--------+--------+--------+-----+--------+
         Total |   7556 |   7319 |    237 |    161 |   6115 |   7 | 1079.4 |
       Dungeon |   7237 |   7041 |    196 |    161 |   5840 |   6 | 1206.2 |
        Temple |    318 |    277 |     41 |      0 |    275 |   1 |  318.0 |
               +--------+--------+--------+--------+--------+-----+--------+

Top non-repeatable levels by time:
     D:4: 2524 daAuts
     D:6: 1150 daAuts
     D:3: 1062 daAuts
     D:1: 925 daAuts
     D:2: 891 daAuts
     D:5: 682 daAuts
  Temple: 318 daAuts
